TOP OF THE 1ST |
---|
Kingston Iguanas batting - Pitching for Buffalo LightSabres : RHP Jorge Madrigal | Pitching: RHP Jorge Madrigal | | Batting: LHB Marvin Nichols | 0-0: Ball 1-0: Called Strike 1-1: Ball 2-1: Foul Ball, location: 2F 2-2: Fly out, F9 (Flyball, 9S) | Batting: RHB Francisco Martínez | 0-0: Ball 1-0: Foul Ball, location: 2F 1-1: Ball 2-1: Ball 3-1: Foul Ball, location: 2F 3-2: Strikes out swinging | Batting: LHB Gustavo Gómez | 0-0: Swinging Strike 0-1: Ball 1-1: Swinging Strike 1-2: Strikes out swinging | Top of the 1st over - 0 runs, 0 hits, 0 errors, 0 left on base; Kingston 0 - Buffalo 0 | BOTTOM OF THE 1ST |
---|
Buffalo LightSabres batting - Pitching for Kingston Iguanas : RHP Brandon Malet | Pitching: RHP Brandon Malet | | Batting: LHB Rob Davidson | 0-0: SINGLE (Line Drive, 34D) | Batting: RHB Raúl Flores | Pickoff Throw to First - Error! E1 Rob Davidson to second 0-0: Ball 1-0: Called Strike 1-1: Foul Ball, location: 2F 1-2: Strikes out swinging | Batting: RHB Sean White | 0-0: Ball 1-0: Ball 2-0: Foul Ball, location: 2F 2-1: Swinging Strike 2-2: Fly out, F9 (Flyball, 89M) | Batting: LHB Garrett King | 0-0: Ball 1-0: Ball 2-0: Called Strike 2-1: Foul Ball, location: 2F 2-2: Foul Ball, location: 2F 2-2: Strikes out swinging | Bottom of the 1st over - 0 runs, 1 hit, 1 error, 1 left on base; Kingston 0 - Buffalo 0 | TOP OF THE 2ND |
---|
Kingston Iguanas batting - Pitching for Buffalo LightSabres : RHP Jorge Madrigal | Batting: LHB Jon Quinn | 0-0: Ball 1-0: Ball 2-0: SOLO HOME RUN (Flyball, 9LD), Distance : 362 ft | Batting: LHB Billy Anderson | 0-0: Ball 1-0: Called Strike 1-1: SOLO HOME RUN (Flyball, 9D), Distance : 389 ft | Batting: LHB Henry Durham | 0-0: Foul Ball, location: 2F 0-1: Ball 1-1: SINGLE (Groundball, 56D) | Batting: RHB Sergio Mata | 0-0: Ball 1-0: Swinging Strike 1-1: Ground out 4-3 (Groundball, 4MS) Henry Durham to second | Batting: SHB John Beach | 0-0: Ball 1-0: Ball 2-0: Ball 3-0: Base on Balls | Batting: SHB Júlio Valentín | 0-0: Ball 1-0: Ball 2-0: Ball 3-0: Foul Ball, location: 2F 3-1: Base on Balls Henry Durham to third John Beach to second | Batting: LHB Marvin Nichols | 0-0: Swinging Strike 0-1: Ball 1-1: Foul Ball, location: 2F 1-2: Ball 2-2: Strikes out swinging | Batting: RHB Francisco Martínez | 0-0: Ball 1-0: Foul Ball, location: 2F 1-1: Foul Ball, location: 2F 1-2: Fielders Choice at 2nd, 6-4 (Groundball, 6) | Top of the 2nd over - 2 runs, 3 hits, 0 errors, 3 left on base; Kingston 2 - Buffalo 0 | BOTTOM OF THE 2ND |
---|
Buffalo LightSabres batting - Pitching for Kingston Iguanas : RHP Brandon Malet | Batting: RHB Mario Solís | 0-0: SINGLE (Flyball, 89S) | Batting: LHB Emílio Montoya | 0-0: Ball 1-0: Called Strike 1-1: SINGLE (Line Drive, 78S) Mario Solís to second | Batting: RHB Huub Stolk | 0-0: DOUBLE (Line Drive, 7LM) Mario Solís scores Emílio Montoya to third Runner from 3rd tries for Home, SAFE, no throw | Batting: RHB Pedro Romero | 0-0: Ground out 6-3 (Groundball, 6) | Batting: RHB José Rosales | 0-0: Called Strike 0-1: Foul Ball, location: 2F 0-2: SINGLE (Groundball, 25) (infield hit) Huub Stolk to third | Batting: LHB Rob Davidson | 0-0: Ball 1-0: Fielders Choice at 2nd, 6-4 (Groundball, 56) Huub Stolk scores | Batting: RHB Raúl Flores | 0-0: Ball 1-0: Ground out 1-3 (Groundball, 13) | Bottom of the 2nd over - 3 runs, 4 hits, 0 errors, 1 left on base; Kingston 2 - Buffalo 3 | TOP OF THE 3RD |
---|
Kingston Iguanas batting - Pitching for Buffalo LightSabres : RHP Jorge Madrigal | Batting: LHB Gustavo Gómez | 0-0: Ball 1-0: Fly out, F8 (Line Drive, 8RD) | Batting: LHB Jon Quinn | 0-0: Swinging Strike 0-1: Ball 1-1: Foul Ball, location: 2F 1-2: Ball 2-2: Foul Ball, location: 2F 2-2: Ball 3-2: Strikes out swinging | Batting: LHB Billy Anderson | 0-0: Ball 1-0: Called Strike 1-1: Ball 2-1: Foul Ball, location: 2F 2-2: Foul Ball, location: 2F 2-2: Strikes out swinging | Top of the 3rd over - 0 runs, 0 hits, 0 errors, 0 left on base; Kingston 2 - Buffalo 3 | BOTTOM OF THE 3RD |
---|
Buffalo LightSabres batting - Pitching for Kingston Iguanas : RHP Brandon Malet | Batting: RHB Sean White | 0-0: Ball 1-0: Ball 2-0: Foul Ball, location: 2F 2-1: Ground out 6-3 (Groundball, 6) | Batting: LHB Garrett King | 0-0: Called Strike 0-1: Ball 1-1: Ground out U3 (Groundball, 3L) | Batting: RHB Mario Solís | 0-0: Ball 1-0: Foul Ball, location: 2F 1-1: Foul Ball, location: 2F 1-2: SINGLE (Groundball, 6MD) | Batting: LHB Emílio Montoya | 0-0: Foul Ball, location: 2F 0-1: Ball 1-1: Ball 2-1: SINGLE (Groundball, 6MD) Mario Solís to second Runner from 2nd tries for 3rd, SAFE, no throw | Batting: RHB Huub Stolk | 0-0: Ball 1-0: Fly out, F5 (Line Drive, 5L) | Bottom of the 3rd over - 0 runs, 2 hits, 0 errors, 2 left on base; Kingston 2 - Buffalo 3 | TOP OF THE 4TH |
---|
Kingston Iguanas batting - Pitching for Buffalo LightSabres : RHP Jorge Madrigal | Batting: LHB Henry Durham | 0-0: Called Strike 0-1: Ball 1-1: Ball 2-1: Ball 3-1: Fly out, F8 (Line Drive, 78M) | Batting: RHB Sergio Mata | 0-0: Ball 1-0: Ball 2-0: Ball 3-0: Base on Balls | Batting: SHB John Beach | 0-0: Ball 1-0: Foul Ball, location: 2F 1-1: Ball 2-1: Fly out, F8 (Flyball, 8LM) | Batting: SHB Júlio Valentín | 0-0: Called Strike 0-1: Ball 1-1: 2-RUN HOME RUN (Flyball, 78XD), Distance : 401 ft | Batting: LHB Marvin Nichols | 0-0: Ball 1-0: Foul Ball, location: 2F 1-1: Ball 2-1: Called Strike 2-2: Foul Ball, location: 2F 2-2: Strikes out swinging | Top of the 4th over - 2 runs, 1 hit, 0 errors, 0 left on base; Kingston 4 - Buffalo 3 | BOTTOM OF THE 4TH |
---|
Buffalo LightSabres batting - Pitching for Kingston Iguanas : RHP Brandon Malet | Batting: RHB Pedro Romero | 0-0: Foul Ball, location: 2F 0-1: Reached on error, E5 (Groundball, 56) | Batting: RHB José Rosales | 0-0: Ground out 5-3 (Groundball, 56S) Pedro Romero to second | Batting: LHB Rob Davidson | 0-0: Called Strike 0-1: Foul Ball, location: 2F 0-2: Strikes out swinging | Batting: RHB Raúl Flores | 0-0: Ball 1-0: SINGLE (Groundball, 34D) Pedro Romero to third Runner from 3rd tries for Home, SAFE, no throw | Batting: RHB Sean White | 0-0: Called Strike 0-1: Ball 1-1: Fly out, F7 (Line Drive, 7) | Bottom of the 4th over - 1 run, 1 hit, 1 error, 1 left on base; Kingston 4 - Buffalo 4 | TOP OF THE 5TH |
---|
Kingston Iguanas batting - Pitching for Buffalo LightSabres : RHP Jorge Madrigal | Batting: RHB Francisco Martínez | 0-0: Fly out, F7 (Flyball, 7D) | Batting: LHB Gustavo Gómez | 0-0: Ball 1-0: Ball 2-0: Foul Ball, location: 2F 2-1: Ball 3-1: Called Strike 3-2: SINGLE (Groundball, 6MD) | Batting: LHB Jon Quinn | 0-0: Called Strike 0-1: Called Strike 0-2: Strikes out swinging | Batting: LHB Billy Anderson | 0-0: Ball 1-0: Foul Ball, location: 2F 1-1: Ball 2-1: Foul Ball, location: 2F 2-2: Ball 3-2: Strikes out looking | Top of the 5th over - 0 runs, 1 hit, 0 errors, 1 left on base; Kingston 4 - Buffalo 4 | BOTTOM OF THE 5TH |
---|
Buffalo LightSabres batting - Pitching for Kingston Iguanas : RHP Brandon Malet | Batting: LHB Garrett King | 0-0: Swinging Strike 0-1: Called Strike 0-2: Ball 1-2: Ball 2-2: Strikes out swinging | Batting: RHB Mario Solís | 0-0: Ball 1-0: Called Strike 1-1: Ground out 4-3 (Groundball, 4) | Batting: LHB Emílio Montoya | 0-0: Called Strike 0-1: Swinging Strike 0-2: Ball 1-2: Ball 2-2: Ball 3-2: Base on Balls | Batting: RHB Huub Stolk | 0-0: Ball 1-0: Ball 2-0: Ball 3-0: Base on Balls Emílio Montoya to second | Batting: RHB Pedro Romero | 0-0: Ground out 6-3 (Groundball, 6MD) | Bottom of the 5th over - 0 runs, 0 hits, 0 errors, 2 left on base; Kingston 4 - Buffalo 4 | TOP OF THE 6TH |
---|
Kingston Iguanas batting - Pitching for Buffalo LightSabres : RHP Jorge Madrigal | Batting: LHB Henry Durham | 0-0: Swinging Strike 0-1: Swinging Strike 0-2: Foul Ball, location: 2F 0-2: Strikes out swinging | Batting: RHB Sergio Mata | 0-0: Ball 1-0: Ball 2-0: Ball 3-0: Called Strike 3-1: Called Strike 3-2: Ground out U3 (Groundball, 3S) | Batting: SHB John Beach | 0-0: Called Strike 0-1: Ball 1-1: Called Strike 1-2: Foul Ball, location: 2F 1-2: Ball 2-2: Strikes out swinging | Top of the 6th over - 0 runs, 0 hits, 0 errors, 0 left on base; Kingston 4 - Buffalo 4 | BOTTOM OF THE 6TH |
---|
Buffalo LightSabres batting - Pitching for Kingston Iguanas : RHP Brandon Malet | Batting: RHB José Rosales | 0-0: Called Strike 0-1: Ball 1-1: Called Strike 1-2: Strikes out swinging | Batting: LHB Rob Davidson | 0-0: Foul Ball, location: 2F 0-1: Ball 1-1: Ball 2-1: Swinging Strike 2-2: Ball 3-2: Ground out 4-3 (Groundball, 4) | Batting: RHB Raúl Flores | 0-0: Foul Ball, location: 2F 0-1: Called Strike 0-2: Strikes out looking | Bottom of the 6th over - 0 runs, 0 hits, 0 errors, 0 left on base; Kingston 4 - Buffalo 4 | TOP OF THE 7TH |
---|
Kingston Iguanas batting - Pitching for Buffalo LightSabres : RHP Jorge Madrigal | Pitching: RHP Pat Jackson | | Batting: SHB Júlio Valentín | 0-0: Called Strike 0-1: Ball 1-1: Fly out, F8 (Flyball, 8LD) | Batting: LHB Marvin Nichols | 0-0: Ball 1-0: Ball 2-0: Ground out 1-3 (Groundball, P) | Batting: RHB Francisco Martínez | 0-0: Ground out 4-3 (Groundball, 4M) | Top of the 7th over - 0 runs, 0 hits, 0 errors, 0 left on base; Kingston 4 - Buffalo 4 | BOTTOM OF THE 7TH |
---|
Buffalo LightSabres batting - Pitching for Kingston Iguanas : RHP Brandon Malet | Pitching: RHP Ron Jenkins | | Batting: RHB Sean White | 0-0: Called Strike 0-1: Called Strike 0-2: Ball 1-2: Strikes out swinging, 2-3 out at first. | Pitching: LHP Jeff Minnich | | Batting: LHB Garrett King | 0-0: Ball 1-0: Swinging Strike 1-1: Called Strike 1-2: Ball 2-2: Strikes out swinging | Pitching: RHP Guo-fang Juan | | Batting: RHB Mario Solís | 0-0: Ball 1-0: Ball 2-0: Ball 3-0: Called Strike 3-1: Foul Ball, location: 2F 3-2: Base on Balls | Batting: LHB Emílio Montoya | 0-0: Fly out, F7 (Flyball, 7D) | Bottom of the 7th over - 0 runs, 0 hits, 0 errors, 1 left on base; Kingston 4 - Buffalo 4 | TOP OF THE 8TH |
---|
Kingston Iguanas batting - Pitching for Buffalo LightSabres : RHP Pat Jackson | Batting: LHB Gustavo Gómez | 0-0: Ball 1-0: Ball 2-0: Swinging Strike 2-1: Ball 3-1: Fly out, F4 (Popup, 4) | Batting: LHB Jon Quinn | 0-0: Fly out, F8 (Flyball, 8RS) | Batting: LHB Billy Anderson | 0-0: Ball 1-0: Foul Ball, location: 2F 1-1: Ball 2-1: SINGLE (Line Drive, 89S) | Batting: LHB Henry Durham | 0-0: Ball 1-0: Ball 2-0: Foul Ball, location: 2F 2-1: Swinging Strike 2-2: Strikes out swinging | Top of the 8th over - 0 runs, 1 hit, 0 errors, 1 left on base; Kingston 4 - Buffalo 4 | BOTTOM OF THE 8TH |
---|
Buffalo LightSabres batting - Pitching for Kingston Iguanas : RHP Guo-fang Juan | Pinch Hitting: RHB John Warren | 0-0: Ball 1-0: Ball 2-0: Fly out, F8 (Flyball, 8RXD) | Pinch Hitting: RHB Donato Gozende | 0-0: Swinging Strike 0-1: Ball 1-1: Ball 2-1: Foul Ball, location: 2F 2-2: Foul Ball, location: 2F 2-2: DOUBLE (Line Drive, 9LM) | Batting: RHB José Rosales | 0-0: Ball 1-0: Foul Ball, location: 2F 1-1: Ball 2-1: Fly out, F8 (Line Drive, 8LM) | Batting: LHB Rob Davidson | 0-0: Ball 1-0: Foul Ball, location: 2F 1-1: Ball 2-1: Fly out, F7 (Flyball, 7LS) | Bottom of the 8th over - 0 runs, 1 hit, 0 errors, 1 left on base; Kingston 4 - Buffalo 4 | TOP OF THE 9TH |
---|
Kingston Iguanas batting - Pitching for Buffalo LightSabres : RHP Pat Jackson | Pitching: RHP Alfredo Cabral | | Now at 3B: Matt Ruskin | | Now at SS: Abraham Hardy | | Batting: RHB Sergio Mata | 0-0: Called Strike 0-1: Swinging Strike 0-2: Strikes out swinging | Batting: SHB John Beach | 0-0: Ball 1-0: Ground out 1-3 (Groundball, 13) | Batting: SHB Júlio Valentín | 0-0: Ball 1-0: Ball 2-0: Called Strike 2-1: Foul Ball, location: 2F 2-2: SOLO HOME RUN (Flyball, 7D), Distance : 383 ft | Batting: LHB Marvin Nichols | 0-0: Foul Ball, location: 2F 0-1: Foul Ball, location: 2F 0-2: Strikes out looking | Top of the 9th over - 1 run, 1 hit, 0 errors, 0 left on base; Kingston 5 - Buffalo 4 | BOTTOM OF THE 9TH |
---|
Buffalo LightSabres batting - Pitching for Kingston Iguanas : RHP Guo-fang Juan | Batting: RHB Raúl Flores | 0-0: Ball 1-0: Fly out, F9 (Flyball, 9LDF) | Batting: RHB Sean White | 0-0: SINGLE (Groundball, 4MD) | Batting: LHB Garrett King | 0-0: Called Strike 0-1: Foul Ball, location: 2F 0-2: Foul Ball, location: 2F 0-2: Ball 1-2: Strikes out swinging | Batting: RHB Mario Solís | 0-0: Ball 1-0: Called Strike 1-1: Ball 2-1: SINGLE (Groundball, 6MD) Sean White to second Runner from 2nd tries for 3rd, OUT! | Bottom of the 9th over - 0 runs, 2 hits, 0 errors, 1 left on base; Kingston 5 - Buffalo 4 | |